 Dungeon Crawl Stone Soup version 0.29.1-15-g9cfb28693d (webtiles) character file.

Game seed: 759551605008030386

188 croobank the Sneak (level 5, -2/37 HPs)
             Began as an Octopode Delver on Feb 23, 2023.
             Succumbed to Robin's poison
             ... on level 3 of the Dungeon.
             The game lasted 00:06:55 (3111 turns).

croobank the Sneak (Octopode Delver)                Turns: 3111, Time: 00:06:56

Health: -2/37      AC:  1    Str: 11    XL:     5   Next: 67%
Magic:  6/6        EV: 14    Int: 20    God:
Gold:   99         SH:  0    Dex: 14    Spells: 6/6 levels left

rFire   . . .      SeeInvis .   a - +0 hand axe
rCold   + . .      Faith    .   (no shield)
rNeg    . . .      Spirit   .   (helmet restricted)
rPois   .          Reflect  .   (no amulet)
rElec   .          Harm     .   q - ring of protection from cold
rCorr   .          Rampage  .   t - +6 ring of intelligence
Will    .....                   (no ring)
Stlth   +++++.....              (no ring)
HPRegen 0.12/turn               (no ring)
MPRegen 0.10/turn               (no ring)
                                (no ring)
                                (no ring)

@: lethally poisoned (-2 -> -17), flying
A: almost no armour, amphibious, 8 rings, camouflage 1, gelatinous body 1,
(nimble swimmer 1), tentacles
a: no special abilities


You were on level 3 of the Dungeon.
You visited 1 branch of the dungeon, and saw 6 of its levels.

You collected 99 gold pieces.

Inventory:

Hand Weapons
 a - a +0 hand axe (weapon)
 n - a +0 long sword
Missiles
 s - 3 poisoned darts (quivered)
Magical Staves
 g - a staff of death
Jewellery
 q - a ring of protection from cold (left tentacle)
 t - a +6 ring of intelligence (right tentacle)
Wands
 f - a wand of digging (3)
 i - a wand of flame (17)
Scrolls
 b - a scroll of fog
 c - 2 scrolls of magic mapping
 k - a scroll of amnesia {unknown}
 m - a scroll of enchant armour
 r - a scroll of torment {unknown}
Potions
 e - 2 potions of haste
 l - 2 potions of attraction
 p - a potion of flight


   Skills:
 + Level 3.8 Fighting
 + Level 3.0 Axes
 + Level 3.0 Dodging
 + Level 7.5 Stealth
 * Level 1.1 Spellcasting
 - Level 0.4 Hexes
 * Level 1.0 Translocations


You had 6 spell levels left.
You didn't know any spells.
Your spell library contained the following spells:

 Spells                   Type           Power      Damage    Failure   Level
 Blink                    Tloc           10%        N/A       17%         2
 Lesser Beckoning         Tloc           5%         N/A       34%         3
 Portal Projectile        Hex/Tloc       8%         N/A       36%         3
 Tukima's Dance           Hex            2%         N/A       41%         3
 Ozocubu's Armour         Ice            1%         N/A       45%         3
 Manifold Assault         Tloc           5%         N/A       97%         5
 Blade Hands              Tmut           0%         N/A       99%         5
 Ozocubu's Refrigeration  Ice            0%         4d7       100%        7


Dungeon Overview and Level Annotations

Branches:
Dungeon (6/15)
 Temple: D:4-7

Altars:


Innate Abilities, Weirdness & Mutations

You cannot wear most types of armour.
You are amphibious.
You can wear up to eight rings at the same time.
Your skin changes colour to match your surroundings (Stealth+).
Your rubbery body absorbs attacks. (AC +1, EV +1)
((You are camouflaged when in or above water. (Stealth+)))
You have tentacles for arms and can constrict up to eight enemies at once.


Message History

It was a potion of cancellation.
You feel magically purged.
It was a potion of curing.
You feel better.
It was a potion of flight.
You feel very buoyant.
You fly up into the air.
You hit Robin. You grab Robin.
Robin is moderately wounded.
You constrict Robin, but do no damage. Robin misses you.
You hit Robin.
Robin is moderately wounded.
You constrict Robin.
The goblin nearly stumbles in trying to escape.
Robin misses you.
You hit Robin but do no damage.
Robin is heavily wounded.
You constrict Robin.
The hobgoblin hums to itself desperately, trying to keep calm.
Robin hits you with a +2 dagger of venom.
* * * LOW HITPOINT WARNING * * *
You are lethally poisoned!
You hit Robin.
Robin is almost dead.
You constrict Robin.
* * * LOW HITPOINT WARNING * * *
You feel very sick.
Robin hits you with a +2 dagger of venom.
* * * LOW HITPOINT WARNING * * *
You are more poisoned.
Okay, then.
You hit Robin.
You kill Robin!
* * * LOW HITPOINT WARNING * * *
You feel very sick.
Your Translocations skill increases to level 1!
Okay, then.
Blink to where?
Press: ? - help, Dir - move target
As you read the scroll labelled BEYC QUKEU, it crumbles to dust.
It was a scroll of blinking.
You die...

#..## #...##.....$...
##..######...........#.g
.##....#.....#))........
...........#............
.##....g..#.............
#.........#...........
#.......###...........
.g#.##
##.###g####.....>......
g.... #..
#.###.)..@......... g.#.
### ..##..ยง........gg..
... ......#.#.....##....
.. ...####..######
#.##.# .# ##.# #.#..#
#.# #...# #.# #..## .#
#..# .# #######.###


You could see 3 goblins.

Vanquished Creatures
  A scorpion (D:3)
  A howler monkey (D:4)
  Robin (D:3)
  2 adders
  An ufetubus (D:4)
  2 dart slugs
  An orc (D:5)
  5 endoplasms
  4 giant cockroaches
  6 goblins
  5 hobgoblins
  8 kobolds
  3 quokkas
  5 ball pythons
  6 bats
  2 frilled lizards (D:3)
  2 rats (D:2)
55 creatures vanquished.

Vanquished Creatures (others)
  17 plants
17 creatures vanquished.

Grand Total: 72 creatures vanquished

Notes
Turn   | Place    | Note
-------+----------+-------------------------------------------
     0 | D:5      | croobank the Octopode Delver began the quest for the Orb.
     0 | D:5      | Reached XP level 1. HP: 16/16 MP: 1/1
    12 | D:5      | Noticed a jelly
    24 | D:6      | Noticed an orc warrior
    98 | D:4      | Noticed a howler monkey
   131 | D:4      | Reached XP level 2. HP: 16/21 MP: 2/2
   229 | D:4      | Killed a howler monkey
   230 | D:4      | Reached skill level 7 in Stealth
   230 | D:4      | Reached XP level 3. HP: 13/26 MP: 3/3
   395 | D:4      | Noticed an ogre
   412 | D:3      | Reached XP level 4. HP: 17/31 MP: 4/4
   723 | D:3      | Noticed Robin
  2074 | D:1      | Found a faded altar of an unknown god.
  2883 | D:3      | Reached XP level 5. HP: 31/37 MP: 5/5
  2996 | D:3      | Reached skill level 1 in Spellcasting
  3110 | D:3      | Killed Robin
  3110 | D:3      | HP: 1/37 [poisoned by Robin]
  3111 | D:3      | Reached skill level 1 in Translocations
  3111 | D:3      | Succumbed to Robin's poison

Illustrated notes

Levels and vault maps discovered:
D:1:      dpeg_arrival_solitude, layout_basic,
          hellmonk_ecumenical_altar_inner_sanctum, nrook_uturn
D:2:      layout_basic
D:3:      layout_rooms, serial_shops, shop, serial_bayou_pond_c, uniq_robin
D:4:      layout_basic, kennysheep_slug_shrine, nicolae_wu_jian_wuxing_cycle,
          uniq_natasha, uniq_edmund, uniq_crazy_yiuf_cottage
D:5:      layout_rooms, minmay_temple_entry_mini_moons, serial_bayou_pond_c
D:6:      layout_basic, nicolae_elyvilon_peaceful_grove, kennysheep_mini_moat,
          yredelemnul_altar_generic, kiku_gazebo_pond_becter,
          gammafunk_ghost_stat_death, uniq_duvessa

Skill      XL: |  1  2  3  4  5 |
---------------+----------------+-----
Stealth        | 7 |  7.5
Axes           | 3 |  3.0
Dodging        | 3 |  3.0
Spellcasting   | 1 |  1.1
Translocations | 1 |  1.0
Fighting       | |  3.8
Hexes          | |  0.4

Action                   |  1- 3 |  4- 6 || total
-------------------------+-------+-------++-------
Melee: Hand axe          |    21 |    91 ||   112
       Constrict         |     6 |    21 ||    27
       Tentacles         |     6 |    14 ||    20
       Punch             |     1 |       ||     1
  Use: Scroll            |       |     7 ||     7
       Potion            |       |     3 ||     3
 Stab: Sleeping          |     2 |    21 ||    23
       Distracted        |       |     1 ||     1
Armor: Skin              |     2 |     9 ||    11
Dodge: Dodged            |    17 |    56 ||    73
